| Goals | Penalties |
1. Griffins , T.J. Tynan 17 (Jakob Pelletier 13, Tim Gettinger 8) at 14:29
|
Mason Geertsen (DET) for Hooking (Minor) at 7:22
|
2. Griffins , Chris Wideman 5 (Emil Heineman 12, Jacob MacDonald 13) at 6:10
3. Griffins , Jakob Pelletier 12 (Chris Wideman 11, Cole Schwindt 25) at 13:57
4. Griffins , Jacob Melanson 9 (Egor Zamula 22, Logan Stanley 9) at 19:48
|
Andrew Agozzino (CHI) for Slashing (Minor) at 7:41 John Beecher (CHI) for Fighting (Major) at 19:51 Matthew Kessel (DET) for Fighting (Major) at 19:51
|
5. IceHogs , Andrew Agozzino 15 (John Beecher 7, Brad Hunt 9) at 6:59 (PP)
6. Griffins , Mason Geertsen 1 (Simon Edvinsson 11) at 19:08
|
Andrew Agozzino (CHI) for Fighting (Major) at 0:32 Markus Nurmi (DET) for Fighting (Major) at 0:32 Bogdan Trineyev (CHI) for Fighting (Major) at 4:44 Logan Stanley (DET) for Fighting (Major) at 4:44 Nikolas Brouillard (CHI) for Fighting (Major) at 6:19 Zack Kassian (DET) for Fighting (Major) at 6:19 Zack Kassian (DET) for instigated a fight (Minor) at 6:19 Zack Kassian (DET) for instigated a fight (10 Minutes Misconduct) at 6:19 Cameron Gaunce (CHI) for Interference (Minor) at 8:10 T.J. Tynan (DET) for Roughing (Minor) at 9:17
|
|
Mads Sogaard (DET), 18 saves from 19 shots - (0,947), W, 25-10-4, 60:00 minutes
Cory Schneider (CHI), 13 saves from 17 shots - (0,765), L, 4-2-3, 39:48 minutes Aaron Dell (CHI), 11 saves from 12 shots - (0,917), 20:12 minutes
|
|
1 - Jakob Pelletier (DET)
2 - Chris Wideman (DET)
3 - Tim Gettinger (DET)
|
Referees : Brian Pochmara and Kyle Rehman
Linesman : Devin Berg and Derek Nansen
|
|
Aaron Dell enters game at 19:48 of 2nd period
John Beecher and Matthew Kessel fight to a draw at 19:51 of 2nd period
Andrew Agozzino and Markus Nurmi fight to a draw at 0:32 of 3rd period
Logan Stanley beats up Bogdan Trineyev at 4:44 of 3rd period
Nikolas Brouillard beats up Zack Kassian at 6:19 of 3rd period
|
| Team Name |
Goals |
Shots |
Shots Attemp |
Shots Blocked |
PIM |
HIT |
PP |
PK |
FO% |
| Griffins |
5 | 29 | 60 | 7 | 36 | 27 | 0 / 2 (0%) | 1 | 43% |
| IceHogs |
1 | 19 | 39 | 15 | 24 | 13 | 1 / 3 (33%) | 0 | 57% |
Griffins
| Player Name |
POS |
G |
A |
P |
+/- |
PIM |
HIT |
SHT |
SB |
MP |
PP MP |
PP SHT |
PK MP |
PK SHT |
FO% |
FOT |
GA |
TA |
| Chris Wideman | D | 1 | 1 | 2 | 1 | 0 | 1 | 3 | 0 | 17:15 | 1:45 | 0 | 0:00 | 0 | 0% |
0 | 0 | 0 |
| Cole Schwindt | C/RW | 0 | 1 | 1 | 0 | 0 | 4 | 2 | 0 | 20:41 | 1:29 | 0 | 1:57 | 0 | 27% |
26 | 2 | 0 |
| Egor Zamula | D | 0 | 1 | 1 | 1 | 0 | 0 | 2 | 2 | 24:14 | 1:45 | 1 | 2:09 | 0 | 0% |
0 | 0 | 2 |
| Emil Heineman | LW/RW | 0 | 1 | 1 | 1 | 0 | 1 | 1 | 0 | 13:01 | 0:00 | 0 | 0:00 | 0 | 0% |
0 | 0 | 0 |
| Gavin Hain | C | 0 | 0 | 0 | 1 | 0 | 2 | 1 | 0 | 13:35 | 0:00 | 0 | 0:32 | 0 | 50% |
4 | 1 | 1 |
| Jacob MacDonald | D | 0 | 1 | 1 | 1 | 0 | 2 | 3 | 2 | 16:34 | 1:21 | 1 | 0:40 | 0 | 0% |
0 | 1 | 1 |
| Jacob Melanson | RW | 1 | 0 | 1 | 1 | 0 | 1 | 1 | 0 | 9:19 | 0:40 | 0 | 0:00 | 0 | 0% |
1 | 0 | 0 |
| Jakob Pelletier | LW | 1 | 1 | 2 | 2 | 0 | 2 | 3 | 0 | 18:15 | 1:37 | 0 | 1:13 | 0 | 0% |
1 | 1 | 0 |
| Jeff Kubiak | C/LW/RW | 0 | 0 | 0 | 2 | 0 | 2 | 1 | 0 | 10:00 | 0:00 | 0 | 0:42 | 0 | 0% |
2 | 0 | 0 |
| Jiri Kulich | C/LW | 0 | 0 | 0 | 0 | 0 | 2 | 2 | 1 | 17:59 | 1:19 | 0 | 0:00 | 0 | 0% |
0 | 0 | 0 |
| Logan Stanley | D | 0 | 1 | 1 | 1 | 5 | 0 | 2 | 0 | 22:26 | 0:00 | 0 | 1:29 | 0 | 0% |
0 | 0 | 1 |
| Markus Nurmi | LW/RW | 0 | 0 | 0 | 1 | 5 | 0 | 0 | 0 | 12:24 | 0:08 | 0 | 0:00 | 0 | 0% |
0 | 0 | 0 |
| Mason Geertsen | LW | 1 | 0 | 1 | 2 | 2 | 2 | 1 | 0 | 7:06 | 0:00 | 0 | 0:01 | 0 | 0% |
0 | 0 | 0 |
| Matthew Kessel | D | 0 | 0 | 0 | 3 | 5 | 1 | 1 | 1 | 19:57 | 1:21 | 0 | 1:37 | 0 | 0% |
0 | 1 | 0 |
| Simon Edvinsson | D | 0 | 1 | 1 | 3 | 0 | 1 | 2 | 0 | 19:52 | 0:00 | 0 | 1:37 | 0 | 0% |
0 | 0 | 1 |
| T.J. Tynan | C | 1 | 0 | 1 | 2 | 2 | 2 | 3 | 0 | 19:09 | 1:36 | 0 | 0:48 | 0 | 68% |
19 | 0 | 0 |
| Tim Gettinger | LW/RW | 0 | 1 | 1 | 3 | 0 | 2 | 1 | 0 | 18:28 | 1:37 | 0 | 1:17 | 0 | 100% |
1 | 1 | 0 |
| Zack Kassian | RW | 0 | 0 | 0 | 0 | 17 | 2 | 0 | 1 | 15:21 | 0:51 | 0 | 1:02 | 0 | 0% |
0 | 0 | 0 |
IceHogs
| Player Name |
POS |
G |
A |
P |
+/- |
PIM |
HIT |
SHT |
SB |
MP |
PP MP |
PP SHT |
PK MP |
PK SHT |
FO% |
FOT |
GA |
TA |
| Andrew Agozzino | C/LW | 1 | 0 | 1 | -1 | 7 | 3 | 2 | 0 | 20:44 | 1:51 | 1 | 0:44 | 0 | 100% |
1 | 0 | 0 |
| Anthony Bitetto | D | 0 | 0 | 0 | 0 | 0 | 0 | 0 | 0 | 0:14 | 0:00 | 0 | 0:00 | 0 | 0% |
0 | 0 | 0 |
| Bogdan Trineyev | RW | 0 | 0 | 0 | -1 | 5 | 2 | 0 | 1 | 19:05 | 1:14 | 0 | 0:00 | 0 | 0% |
1 | 0 | 1 |
| Brad Hunt | D | 0 | 1 | 1 | -2 | 0 | 0 | 0 | 3 | 27:19 | 2:23 | 0 | 1:51 | 0 | 0% |
0 | 1 | 1 |
| Cameron Gaunce | D | 0 | 0 | 0 | -3 | 2 | 0 | 0 | 1 | 18:27 | 0:00 | 0 | 0:00 | 0 | 0% |
0 | 0 | 2 |
| Chris Ortiz | D | 0 | 0 | 0 | 0 | 0 | 0 | 0 | 0 | 0:00 | 0:00 | 0 | 0:00 | 0 | 0% |
0 | 0 | 0 |
| Grigori Denisenko | LW/RW | 0 | 0 | 0 | -2 | 0 | 2 | 1 | 0 | 22:29 | 2:11 | 0 | 0:10 | 0 | 0% |
0 | 1 | 0 |
| Ivan Ivan | C/LW/RW | 0 | 0 | 0 | 0 | 0 | 0 | 1 | 0 | 12:16 | 0:36 | 0 | 0:51 | 0 | 100% |
1 | 0 | 0 |
| Jean-Sébastien Dea | C | 0 | 0 | 0 | -3 | 0 | 2 | 2 | 0 | 18:17 | 0:41 | 0 | 0:50 | 0 | 79% |
14 | 0 | 0 |
| John Beecher | C | 0 | 1 | 1 | -2 | 5 | 1 | 4 | 1 | 21:56 | 1:42 | 0 | 1:44 | 0 | 65% |
17 | 0 | 0 |
| Josh Wesley | D | 0 | 0 | 0 | 0 | 0 | 0 | 0 | 0 | 2:58 | 0:06 | 0 | 0:00 | 0 | 0% |
0 | 0 | 0 |
| Matthew Stienburg | C/RW | 0 | 0 | 0 | -3 | 0 | 0 | 0 | 1 | 16:28 | 0:05 | 0 | 0:27 | 0 | 33% |
3 | 0 | 0 |
| Mavrik Bourque | C | 0 | 0 | 0 | -1 | 0 | 0 | 3 | 0 | 20:50 | 1:29 | 0 | 0:20 | 0 | 38% |
16 | 0 | 0 |
| Nikolas Brouillard | D | 0 | 0 | 0 | -3 | 5 | 0 | 2 | 0 | 18:26 | 0:00 | 0 | 0:31 | 0 | 0% |
0 | 1 | 0 |
| Riley Tufte | LW | 0 | 0 | 0 | -1 | 0 | 2 | 3 | 1 | 20:10 | 1:29 | 0 | 1:06 | 0 | 0% |
1 | 0 | 1 |
| Sam Malinski | D | 0 | 0 | 0 | -1 | 0 | 1 | 0 | 3 | 21:36 | 2:28 | 0 | 1:08 | 0 | 0% |
0 | 3 | 2 |
| Samuel Bolduc | D | 0 | 0 | 0 | -1 | 0 | 0 | 1 | 4 | 27:22 | 1:23 | 0 | 2:22 | 0 | 0% |
0 | 0 | 0 |
| Tommy Cross | D | 0 | 0 | 0 | -1 | 0 | 0 | 0 | 0 | 7:39 | 1:12 | 0 | 0:20 | 0 | 0% |
0 | 0 | 0 |
Griffins
| 5 vs 5 Forward |
|---|
| Line # | Left Wing | Center | Right Wing | PHY | DF | OF | Wanted % | Time % | Time Play |
| 1 | Jiri Kulich | Cole Schwindt | Zack Kassian | 0 | 3 | 2 | 35 | 32% | 16:57
|
| 2 | Jakob Pelletier | T.J. Tynan | Tim Gettinger | 0 | 3 | 2 | 34 | 29% | 15:20
|
| 3 | Markus Nurmi | Gavin Hain | Emil Heineman | 0 | 3 | 2 | 26 | 25% | 13:01
|
| 4 | Mason Geertsen | Jeff Kubiak | Jacob Melanson | 0 | 3 | 2 | 5 | 13% | 6:58
|
| 5 vs 5 Defense |
|---|
| Line # | Defense | Defense | | PHY | DF | OF | Wanted % | Time % | Time Play |
| 1 | Logan Stanley | Egor Zamula | | 0 | 3 | 2 | 35 | 35% | 18:26
|
| 2 | Simon Edvinsson | Matthew Kessel | | 0 | 3 | 2 | 34 | 35% | 18:15
|
| 3 | Chris Wideman | Jacob MacDonald | | 0 | 3 | 2 | 26 | 28% | 14:33
|
| 4 | Logan Stanley | Egor Zamula | | 0 | 3 | 2 | 5 | 2% | 1:02
|
| Power Play Forward |
|---|
| Line # | Left Wing | Center | Right Wing | PHY | DF | OF | Wanted % | Time % | Time Play |
| 1 | Jiri Kulich | Cole Schwindt | Zack Kassian | 1 | 0 | 4 | 53 | 48% | 1:29
|
| 2 | Jakob Pelletier | T.J. Tynan | Tim Gettinger | 1 | 0 | 4 | 47 | 52% | 1:37
|
| Power Play Defense |
|---|
| Line # | Defense | Defense | | PHY | DF | OF | Wanted % | Time % | Time Play |
| 1 | Egor Zamula | Chris Wideman | | 0 | 1 | 4 | 53 | 56% | 1:45
|
| 2 | Jacob MacDonald | Matthew Kessel | | 0 | 1 | 4 | 47 | 44% | 1:21
|
| Penalty Kill 4 Players Forward |
|---|
| Line # | Center | Wing | PHY | DF | OF | Wanted % | Time % | Time Play |
| 1 | Cole Schwindt | Zack Kassian | 1 | 3 | 1 | 55 | 66% | 2:29
|
| 2 | T.J. Tynan | Tim Gettinger | 1 | 3 | 1 | 45 | 34% | 1:17
|
| Penalty Kill 4 Players Defense |
|---|
| Line # | Defense | Defense | PHY | DF | OF | Wanted % | Time % | Time Play |
| 1 | Logan Stanley | Egor Zamula | 1 | 3 | 1 | 55 | 57% | 2:09
|
| 2 | Simon Edvinsson | Matthew Kessel | 1 | 3 | 1 | 45 | 43% | 1:37
|
| Penalty Kill 3 Players |
|---|
| Line # | Wing | PHY | DF | OF | Wanted % | Time % | Time Play | Defense | Defense | PHY | DF | OF | Wanted % | Time % | Time Play |
| 1 | Cole Schwindt | 1 | 3 | 1 | 55 | 0% | 0:00
| Logan Stanley | Egor Zamula | 1 | 3 | 1 | 55 | 0% | 0:00
|
| 2 | T.J. Tynan | 1 | 3 | 1 | 45 | 0% | 0:00
| Simon Edvinsson | Matthew Kessel | 1 | 3 | 1 | 45 | 0% | 0:00
|
| 4 vs 4 Forward |
|---|
| Line # | Center | Wing | PHY | DF | OF | Wanted % | Time % | Time Play |
| 1 | Cole Schwindt | Zack Kassian | 0 | 3 | 2 | 60 | 100% | 0:52
|
| 2 | T.J. Tynan | Jakob Pelletier | 0 | 3 | 2 | 40 | 0% | 0:00
|
| 4 vs 4 Defense |
|---|
| Line # | Defense | | PHY | DF | OF | Wanted % | Time % | Time Play |
| 1 | Logan Stanley | Egor Zamula | 1 | 2 | 2 | 60 | 100% | 60% - 0:52
|
| 2 | Simon Edvinsson | Matthew Kessel | 1 | 2 | 2 | 40 | 0% | 40% - 0:00
|
| Last Minutes Offensive |
|---|
| Left Wing | Center | Right Wing | Defense | Defense |
| Jiri Kulich | Cole Schwindt | Zack Kassian | Egor Zamula | Chris Wideman |
| Last Minutes Defensive |
|---|
| Left Wing | Center | Right Wing | Defense | Defense |
| Jiri Kulich | T.J. Tynan | Zack Kassian | Logan Stanley | Egor Zamula |
| Time |
|---|
| Total Forward | Total Defense | Last Minutes Offensive | Last Minutes Defensive |
| 60:00 |
60:00 |
0:00 | 0:00 |
| Extra Forwards |
|---|
| Normal | PowerPlay | Penalty Kill |
|
Zack Kassian, Cole Schwindt, T.J. Tynan | Jacob Melanson, Markus Nurmi | Jakob Pelletier |
| Extra Defensemen |
|---|
| Normal | PowerPlay | Penalty Kill |
|
Logan Stanley, Matthew Kessel, Egor Zamula | Logan Stanley, Jacob MacDonald | Chris Wideman |
| Penalty Shots |
|---|
|
Zack Kassian, Jiri Kulich, Jacob MacDonald, Chris Wideman, T.J. Tynan |
| Goalie |
|---|
| Mads Sogaard, Jakub Skarek |
| Scratches |
|---|
|
Dillon Hamaliuk (Healthy), Francesco Pinelli (Healthy), Topias Vilen (Healthy), Tyson Hinds (Healthy), Jordie Benn (Healthy)
Brandon Coe (Healthy), Jacob Perreault (Healthy), Keean Washkurak (Healthy), Reece Newkirk (Healthy), Xavier Bernard (Healthy)
Jack Thompson (Healthy), Ronan Seeley (Healthy), Tyrel Bauer (Healthy), Christopher Gibson (Healthy), Sebastian Cossa (Healthy) |
IceHogs
| 5 vs 5 Forward |
|---|
| Line # | Left Wing | Center | Right Wing | PHY | DF | OF | Wanted % | Time % | Time Play |
| 1 | Andrew Agozzino | John Beecher | Grigori Denisenko | 0 | 2 | 3 | 40 | 37% | 19:16
|
| 2 | Riley Tufte | Mavrik Bourque | Bogdan Trineyev | 0 | 2 | 3 | 30 | 32% | 16:43
|
| 3 | John Beecher | Jean-Sébastien Dea | Matthew Stienburg | 0 | 3 | 2 | 20 | 20% | 10:23
|
| 4 | Andrew Agozzino | Matthew Stienburg | Mavrik Bourque | 0 | 3 | 2 | 10 | 11% | 5:54
|
| 5 vs 5 Defense |
|---|
| Line # | Defense | Defense | | PHY | DF | OF | Wanted % | Time % | Time Play |
| 1 | Samuel Bolduc | Brad Hunt | | 0 | 3 | 2 | 40 | 33% | 17:09
|
| 2 | Samuel Bolduc | Sam Malinski | | 0 | 3 | 2 | 30 | 20% | 10:38
|
| 3 | Nikolas Brouillard | Cameron Gaunce | | 0 | 3 | 2 | 20 | 34% | 17:39
|
| 4 | Sam Malinski | Brad Hunt | | 0 | 3 | 2 | 10 | 13% | 6:50
|
| Power Play Forward |
|---|
| Line # | Left Wing | Center | Right Wing | PHY | DF | OF | Wanted % | Time % | Time Play |
| 1 | Andrew Agozzino | John Beecher | Grigori Denisenko | 1 | 2 | 2 | 60 | 61% | 2:17
|
| 2 | Riley Tufte | Mavrik Bourque | Bogdan Trineyev | 1 | 2 | 2 | 40 | 39% | 1:29
|
| Power Play Defense |
|---|
| Line # | Defense | Defense | | PHY | DF | OF | Wanted % | Time % | Time Play |
| 1 | Sam Malinski | Brad Hunt | | 1 | 2 | 2 | 60 | 63% | 2:23
|
| 2 | Samuel Bolduc | Sam Malinski | | 1 | 2 | 2 | 40 | 37% | 1:23
|
| Penalty Kill 4 Players Forward |
|---|
| Line # | Center | Wing | PHY | DF | OF | Wanted % | Time % | Time Play |
| 1 | John Beecher | Andrew Agozzino | 1 | 2 | 2 | 60 | 89% | 2:46
|
| 2 | Mavrik Bourque | Riley Tufte | 1 | 2 | 2 | 40 | 11% | 0:20
|
| Penalty Kill 4 Players Defense |
|---|
| Line # | Defense | Defense | PHY | DF | OF | Wanted % | Time % | Time Play |
| 1 | Samuel Bolduc | Brad Hunt | 1 | 2 | 2 | 60 | 63% | 1:58
|
| 2 | Samuel Bolduc | Sam Malinski | 1 | 2 | 2 | 40 | 37% | 1:08
|
| Penalty Kill 3 Players |
|---|
| Line # | Wing | PHY | DF | OF | Wanted % | Time % | Time Play | Defense | Defense | PHY | DF | OF | Wanted % | Time % | Time Play |
| 1 | John Beecher | 1 | 2 | 2 | 60 | 0% | 0:00
| Samuel Bolduc | Brad Hunt | 1 | 2 | 2 | 60 | 0% | 0:00
|
| 2 | Mavrik Bourque | 1 | 2 | 2 | 40 | 0% | 0:00
| Samuel Bolduc | Sam Malinski | 1 | 2 | 2 | 40 | 0% | 0:00
|
| 4 vs 4 Forward |
|---|
| Line # | Center | Wing | PHY | DF | OF | Wanted % | Time % | Time Play |
| 1 | John Beecher | Andrew Agozzino | 1 | 2 | 2 | 60 | 88% | 0:46
|
| 2 | Mavrik Bourque | Riley Tufte | 1 | 2 | 2 | 40 | 12% | 0:06
|
| 4 vs 4 Defense |
|---|
| Line # | Defense | | PHY | DF | OF | Wanted % | Time % | Time Play |
| 1 | Sam Malinski | Brad Hunt | 1 | 2 | 2 | 60 | 88% | 60% - 0:46
|
| 2 | Samuel Bolduc | Sam Malinski | 1 | 2 | 2 | 40 | 12% | 40% - 0:06
|
| Last Minutes Offensive |
|---|
| Left Wing | Center | Right Wing | Defense | Defense |
| Andrew Agozzino | John Beecher | Grigori Denisenko | Samuel Bolduc | Brad Hunt |
| Last Minutes Defensive |
|---|
| Left Wing | Center | Right Wing | Defense | Defense |
| Andrew Agozzino | John Beecher | Grigori Denisenko | Samuel Bolduc | Brad Hunt |
| Time |
|---|
| Total Forward | Total Defense | Last Minutes Offensive | Last Minutes Defensive |
| 60:00 |
60:00 |
0:00 | 0:00 |
| Extra Forwards |
|---|
| Normal | PowerPlay | Penalty Kill |
|
Jean-Sébastien Dea, Grigori Denisenko, Bogdan Trineyev | Jean-Sébastien Dea, Grigori Denisenko | Jean-Sébastien Dea |
| Extra Defensemen |
|---|
| Normal | PowerPlay | Penalty Kill |
|
Sam Malinski, Nikolas Brouillard, Cameron Gaunce | Sam Malinski, Sam Malinski | Nikolas Brouillard |
| Penalty Shots |
|---|
|
John Beecher, Andrew Agozzino, Riley Tufte, Mavrik Bourque, Jean-Sébastien Dea |
| Goalie |
|---|
| Cory Schneider, Aaron Dell |
| Scratches |
|---|
|
Adam Edstrom (Bruised Left Leg Injury), Ondrej Pavel (Healthy), Luke Johnson (Healthy), Dylan McLaughlin (Healthy), Luke Stevens (Healthy)
Zach Jordan (Healthy), Graham McPhee (Healthy), Isaac Johnson (Healthy), Samuel Dove-McFalls (Healthy), Daniil Zhuravlyov (Healthy)
Joël Teasdale (Healthy), Zach O'Brien (Healthy), John Lethemon (Healthy) |
Play-by-Play
1st period
0:01 of 1st period - John Beecher wins face-off versus Cole Schwindt in neutral zone.
0:35 of 1st period - Snap shot by Grigori Denisenko.
0:35 of 1st period - Shot Misses the Net.
1:11 of 1st period - Snap shot by Andrew Agozzino.
1:11 of 1st period - Shot Blocked by Egor Zamula.
1:13 of 1st period - Backhand shot by Brad Hunt.
1:13 of 1st period - Shot Misses the Net.
1:15 of 1st period - Wrist shot by John Beecher.
1:15 of 1st period - Shot Misses the Net.
1:17 of 1st period - Snap shot by John Beecher.
1:17 of 1st period - Stopped by Mads Sogaard with a rebound.
1:19 of 1st period - Slapshot by Cameron Gaunce.
1:19 of 1st period - Shot Blocked by Egor Zamula.
1:21 of 1st period - Snap shot by John Beecher.
1:21 of 1st period - Deflect By Andrew Agozzino.
1:21 of 1st period - Shot Misses the Net.
1:21 of 1st period - Puck is out of play.
1:22 of 1st period - Tim Gettinger wins face-off versus Mavrik Bourque in Griffins zone.
2:02 of 1st period - Wrist shot by Zack Kassian.
2:02 of 1st period - Shot Blocked by Matthew Stienburg.
2:45 of 1st period - Matthew Stienburg is hit by Mason Geertsen and loses puck.
3:38 of 1st period - Cameron Gaunce is hit by Jeff Kubiak and loses puck.
4:00 of 1st period - Off-side.
4:01 of 1st period - Jean-Sébastien Dea wins face-off versus T.J. Tynan in neutral zone.
4:16 of 1st period - Samuel Bolduc is hit by Jiri Kulich.
4:20 of 1st period - Zack Kassian is hit by Andrew Agozzino and loses puck.
5:13 of 1st period - Snap shot by Jiri Kulich.
5:13 of 1st period - Shot Hit the Post.
5:15 of 1st period - Slapshot by Simon Edvinsson.
5:15 of 1st period - Stopped by Cory Schneider with a rebound.
5:17 of 1st period - Snap shot by Zack Kassian.
5:17 of 1st period - Shot Blocked by Sam Malinski.
5:19 of 1st period - Slapshot by Cole Schwindt.
5:19 of 1st period - Shot Blocked by John Beecher.
5:45 of 1st period - Snap shot by Jacob Melanson.
5:45 of 1st period - Shot Blocked by Samuel Bolduc.
5:47 of 1st period - Slapshot by Simon Edvinsson.
5:47 of 1st period - Shot Blocked by Brad Hunt.
5:49 of 1st period - Slapshot by Simon Edvinsson.
5:49 of 1st period - Shot Misses the Net.
5:51 of 1st period - Snap shot by Jeff Kubiak.
5:51 of 1st period - Shot Misses the Net.
6:01 of 1st period - Gavin Hain is hit by Grigori Denisenko and loses puck.
6:32 of 1st period - Snap shot by Jiri Kulich.
6:32 of 1st period - Shot Blocked by Riley Tufte.
6:56 of 1st period - Sam Malinski is hit by Tim Gettinger and loses puck.
7:13 of 1st period - John Beecher is hit by Mason Geertsen and loses puck.
7:22 of 1st period - Minor Penalty to Mason Geertsen for Hooking.
7:23 of 1st period - Cole Schwindt wins face-off versus Mavrik Bourque in Griffins zone.
9:22 of 1st period - Penalty to Mason Geertsen is over, Mason Geertsen is back on ice.
9:40 of 1st period - Snap shot by Emil Heineman.
9:40 of 1st period - Shot Misses the Net.
10:13 of 1st period - Off-side.
10:14 of 1st period - Jean-Sébastien Dea wins face-off versus Jeff Kubiak in neutral zone.
10:16 of 1st period - Off-side.
10:17 of 1st period - Jean-Sébastien Dea wins face-off versus Cole Schwindt in neutral zone.
10:33 of 1st period - Snap shot by Jiri Kulich.
10:33 of 1st period - Shot Misses the Net.
11:13 of 1st period - Slapshot by Logan Stanley.
11:13 of 1st period - Shot Blocked by Brad Hunt.
13:26 of 1st period - Icing by Matthew Kessel.
13:27 of 1st period - Mavrik Bourque wins face-off versus T.J. Tynan in Griffins zone.
13:28 of 1st period - Wrist shot by Riley Tufte.
13:28 of 1st period - Stopped by Mads Sogaard with a rebound.
13:47 of 1st period - Snap shot by Jakob Pelletier.
13:47 of 1st period - Stopped by Cory Schneider with a rebound.
13:49 of 1st period - Slapshot by Simon Edvinsson.
13:49 of 1st period - Shot Blocked by Bogdan Trineyev.
13:51 of 1st period - Snap shot by Tim Gettinger.
13:51 of 1st period - Shot Blocked by Cameron Gaunce.
14:27 of 1st period - Snap shot by T.J. Tynan.
14:27 of 1st period - Stopped by Cory Schneider with a rebound.
14:29 of 1st period - Slapshot by T.J. Tynan.
14:29 of 1st period - Goal by T.J. Tynan - Griffins : 1 - IceHogs : 0.
14:30 of 1st period - Mavrik Bourque wins face-off versus Cole Schwindt in neutral zone.
14:35 of 1st period - Backhand shot by Mavrik Bourque.
14:35 of 1st period - Stopped by Mads Sogaard with a rebound.
16:10 of 1st period - Mavrik Bourque is hit by Gavin Hain and loses puck.
16:49 of 1st period - Riley Tufte is hit by Jeff Kubiak and loses puck.
17:44 of 1st period - Jean-Sébastien Dea is hit by Jacob MacDonald and loses puck.
18:20 of 1st period - John Beecher is hit by Zack Kassian and loses puck.
19:01 of 1st period - John Beecher is hit by Cole Schwindt and loses puck.
19:52 of 1st period - Mavrik Bourque is hit by T.J. Tynan and loses puck.
Goals for this period are 1 for Griffins vs 0 for IceHogs.
Shots for this period are 4 for Griffins vs 3 for IceHogs.
2nd period
0:01 of 2nd period - Andrew Agozzino wins face-off versus Cole Schwindt in neutral zone.
0:12 of 2nd period - Wrist shot by Zack Kassian.
0:12 of 2nd period - Deflect By Jiri Kulich.
0:12 of 2nd period - Shot Misses the Net.
0:12 of 2nd period - Puck is out of play.
0:13 of 2nd period - John Beecher wins face-off versus Cole Schwindt in IceHogs zone.
0:13 of 2nd period - John Beecher is hit by Cole Schwindt.
0:19 of 2nd period - Grigori Denisenko is hit by Jiri Kulich and loses puck.
0:45 of 2nd period - Slapshot by Egor Zamula.
0:45 of 2nd period - Shot Misses the Net.
1:03 of 2nd period - Backhand shot by Jean-Sébastien Dea.
1:03 of 2nd period - Deflect By Matthew Stienburg.
1:03 of 2nd period - Shot Misses the Net.
1:03 of 2nd period - Puck is out of play.
1:04 of 2nd period - Jean-Sébastien Dea wins face-off versus Gavin Hain in Griffins zone.
1:05 of 2nd period - Snap shot by Matthew Stienburg.
1:05 of 2nd period - Shot Misses the Net.
1:07 of 2nd period - Slapshot by Cameron Gaunce.
1:07 of 2nd period - Shot Misses the Net.
1:15 of 2nd period - Backhand shot by Jean-Sébastien Dea.
1:15 of 2nd period - Stopped by Mads Sogaard without a rebound.
1:16 of 2nd period - John Beecher wins face-off versus Cole Schwindt in Griffins zone.
1:31 of 2nd period - Snap shot by Grigori Denisenko.
1:31 of 2nd period - Stopped by Mads Sogaard with a rebound.
1:43 of 2nd period - Riley Tufte is hit by Jakob Pelletier and loses puck.
1:48 of 2nd period - Snap shot by Jakob Pelletier.
1:48 of 2nd period - Shot Blocked by Samuel Bolduc.
1:50 of 2nd period - Slapshot by T.J. Tynan.
1:50 of 2nd period - Stopped by Cory Schneider with a rebound.
1:52 of 2nd period - Slapshot by Logan Stanley.
1:52 of 2nd period - Shot Blocked by Samuel Bolduc.
2:48 of 2nd period - Snap shot by Cole Schwindt.
2:48 of 2nd period - Stopped by Cory Schneider without a rebound.
2:49 of 2nd period - T.J. Tynan wins face-off versus Mavrik Bourque in IceHogs zone.
2:50 of 2nd period - Snap shot by Tim Gettinger.
2:50 of 2nd period - Stopped by Cory Schneider with a rebound.
3:32 of 2nd period - Icing by Logan Stanley.
3:33 of 2nd period - Mavrik Bourque wins face-off versus Cole Schwindt in Griffins zone.
3:34 of 2nd period - Wrist shot by Bogdan Trineyev.
3:34 of 2nd period - Shot Blocked by Zack Kassian.
3:44 of 2nd period - Wrist shot by John Beecher.
3:44 of 2nd period - Stopped by Mads Sogaard with a rebound.
4:13 of 2nd period - Off-side.
4:14 of 2nd period - T.J. Tynan wins face-off versus John Beecher in neutral zone.
4:23 of 2nd period - T.J. Tynan is hit by Grigori Denisenko and loses puck.
4:56 of 2nd period - Gavin Hain is hit by Andrew Agozzino and loses puck.
5:07 of 2nd period - Wrist shot by Gavin Hain.
5:07 of 2nd period - Stopped by Cory Schneider with a rebound.
5:09 of 2nd period - Slapshot by Egor Zamula.
5:09 of 2nd period - Shot Blocked by Sam Malinski.
5:11 of 2nd period - Slapshot by Logan Stanley.
5:11 of 2nd period - Shot Misses the Net.
5:13 of 2nd period - Snap shot by Markus Nurmi.
5:13 of 2nd period - Shot Hit the Post.
5:15 of 2nd period - Snap shot by Markus Nurmi.
5:15 of 2nd period - Shot Misses the Net.
5:27 of 2nd period - Backhand shot by Chris Wideman.
5:27 of 2nd period - Shot Blocked by Samuel Bolduc.
6:10 of 2nd period - Slapshot by Chris Wideman.
6:10 of 2nd period - Goal by Chris Wideman - Griffins : 2 - IceHogs : 0.
6:11 of 2nd period - Mavrik Bourque wins face-off versus Cole Schwindt in neutral zone.
6:16 of 2nd period - Snap shot by Riley Tufte.
6:16 of 2nd period - Stopped by Mads Sogaard with a rebound.
6:18 of 2nd period - Snap shot by Riley Tufte.
6:18 of 2nd period - Stopped by Mads Sogaard without a rebound.
6:19 of 2nd period - Cole Schwindt wins face-off versus Mavrik Bourque in Griffins zone.
6:30 of 2nd period - Slapshot by Egor Zamula.
6:30 of 2nd period - Shot Blocked by Sam Malinski.
6:52 of 2nd period - Slapshot by Cole Schwindt.
6:52 of 2nd period - Stopped by Cory Schneider with a rebound.
7:31 of 2nd period - Slapshot by Mavrik Bourque.
7:31 of 2nd period - Stopped by Mads Sogaard without a rebound.
7:32 of 2nd period - T.J. Tynan wins face-off versus John Beecher in Griffins zone.
7:39 of 2nd period - Snap shot by Jakob Pelletier.
7:39 of 2nd period - Shot Misses the Net.
7:41 of 2nd period - Minor Penalty to Andrew Agozzino for Slashing.
7:42 of 2nd period - T.J. Tynan wins face-off versus John Beecher in IceHogs zone.
7:43 of 2nd period - Slapshot by Jacob MacDonald.
7:43 of 2nd period - Stopped by Cory Schneider without a rebound.
7:44 of 2nd period - John Beecher wins face-off versus T.J. Tynan in IceHogs zone.
8:18 of 2nd period - John Beecher is hit by Cole Schwindt and loses puck.
9:13 of 2nd period - Chris Wideman is hit by John Beecher and loses puck.
9:41 of 2nd period - Penalty to Andrew Agozzino is over, Andrew Agozzino is back on ice.
9:45 of 2nd period - Off-side.
9:46 of 2nd period - Matthew Stienburg wins face-off versus Gavin Hain in neutral zone.
10:09 of 2nd period - Simon Edvinsson is hit by Bogdan Trineyev.
10:59 of 2nd period - Grigori Denisenko is hit by Zack Kassian.
12:29 of 2nd period - Nikolas Brouillard is hit by Gavin Hain and loses puck.
12:38 of 2nd period - Wrist shot by Emil Heineman.
12:38 of 2nd period - Stopped by Cory Schneider with a rebound.
12:52 of 2nd period - Sam Malinski is hit by Cole Schwindt and loses puck.
13:19 of 2nd period - Jacob Melanson is hit by Jean-Sébastien Dea and loses puck.
13:57 of 2nd period - Slapshot by Jakob Pelletier.
13:57 of 2nd period - Goal by Jakob Pelletier - Griffins : 3 - IceHogs : 0.
13:58 of 2nd period - T.J. Tynan wins face-off versus Mavrik Bourque in neutral zone.
14:01 of 2nd period - Snap shot by Matthew Kessel.
14:01 of 2nd period - Stopped by Cory Schneider without a rebound.
14:02 of 2nd period - T.J. Tynan wins face-off versus Mavrik Bourque in IceHogs zone.
14:07 of 2nd period - Snap shot by Jakob Pelletier.
14:07 of 2nd period - Shot Misses the Net.
14:09 of 2nd period - Slapshot by Simon Edvinsson.
14:09 of 2nd period - Stopped by Cory Schneider without a rebound.
14:10 of 2nd period - John Beecher wins face-off versus T.J. Tynan in IceHogs zone.
14:26 of 2nd period - Backhand shot by T.J. Tynan.
14:26 of 2nd period - Shot Misses the Net.
15:11 of 2nd period - Slapshot by Logan Stanley.
15:11 of 2nd period - Stopped by Cory Schneider without a rebound.
15:12 of 2nd period - T.J. Tynan wins face-off versus Riley Tufte in IceHogs zone.
15:34 of 2nd period - Icing by Mavrik Bourque.
15:35 of 2nd period - Cole Schwindt wins face-off versus Jean-Sébastien Dea in IceHogs zone.
15:42 of 2nd period - Slapshot by Brad Hunt.
15:42 of 2nd period - Shot Blocked by Jacob MacDonald.
15:44 of 2nd period - Snap shot by John Beecher.
15:44 of 2nd period - Deflect By Chris Wideman.
15:44 of 2nd period - Shot Misses the Net.
15:44 of 2nd period - Puck is out of play.
15:45 of 2nd period - T.J. Tynan wins face-off versus Matthew Stienburg in Griffins zone.
15:50 of 2nd period - Slapshot by Mavrik Bourque.
15:50 of 2nd period - Stopped by Mads Sogaard without a rebound.
15:51 of 2nd period - Mavrik Bourque wins face-off versus T.J. Tynan in Griffins zone.
16:33 of 2nd period - Icing by Chris Wideman.
16:34 of 2nd period - Gavin Hain wins face-off versus Mavrik Bourque in Griffins zone.
16:41 of 2nd period - Riley Tufte is hit by Jacob MacDonald and loses puck.
17:04 of 2nd period - Wrist shot by Jean-Sébastien Dea.
17:04 of 2nd period - Shot Blocked by Jacob MacDonald.
17:06 of 2nd period - Wrist shot by John Beecher.
17:06 of 2nd period - Deflect By Matthew Stienburg.
17:06 of 2nd period - Shot Misses the Net.
17:06 of 2nd period - Puck is out of play.
17:07 of 2nd period - John Beecher wins face-off versus Cole Schwindt in Griffins zone.
17:41 of 2nd period - T.J. Tynan is hit by Bogdan Trineyev and loses puck.
17:50 of 2nd period - Samuel Bolduc is hit by T.J. Tynan and loses puck.
18:06 of 2nd period - Snap shot by Jakob Pelletier.
18:06 of 2nd period - Deflect By Mavrik Bourque.
18:06 of 2nd period - Shot Misses the Net.
18:06 of 2nd period - Puck is out of play.
18:07 of 2nd period - Cole Schwindt wins face-off versus John Beecher in IceHogs zone.
18:56 of 2nd period - Jeff Kubiak is hit by Riley Tufte and loses puck.
19:17 of 2nd period - Jakob Pelletier is hit by Andrew Agozzino and loses puck.
19:48 of 2nd period - Snap shot by Jacob Melanson.
19:48 of 2nd period - Goal by Jacob Melanson - Griffins : 4 - IceHogs : 0.
19:48 of 2nd period - Aaron Dell enters game.
19:49 of 2nd period - John Beecher wins face-off versus Cole Schwindt in neutral zone.
19:51 of 2nd period - John Beecher and Matthew Kessel fight to a draw.
19:51 of 2nd period - Penalty to John Beecher for Fighting.
19:51 of 2nd period - Penalty to Matthew Kessel for Fighting.
19:52 of 2nd period - Jean-Sébastien Dea wins face-off versus Cole Schwindt in Griffins zone.
19:55 of 2nd period - Wrist shot by Andrew Agozzino.
19:55 of 2nd period - Stopped by Mads Sogaard without a rebound.
19:56 of 2nd period - Cole Schwindt wins face-off versus Jean-Sébastien Dea in Griffins zone.
Goals for this period are 3 for Griffins vs 0 for IceHogs.
Shots for this period are 13 for Griffins vs 8 for IceHogs.
3rd period
0:01 of 3rd period - T.J. Tynan wins face-off versus Jean-Sébastien Dea in neutral zone.
0:10 of 3rd period - Grigori Denisenko is hit by Jakob Pelletier and loses puck.
0:32 of 3rd period - Andrew Agozzino and Markus Nurmi fight to a draw.
0:32 of 3rd period - Penalty to Andrew Agozzino for Fighting.
0:32 of 3rd period - Penalty to Markus Nurmi for Fighting.
0:33 of 3rd period - Jean-Sébastien Dea wins face-off versus Cole Schwindt in IceHogs zone.
1:00 of 3rd period - Samuel Bolduc is hit by Tim Gettinger and loses puck.
1:18 of 3rd period - Icing by Tim Gettinger.
1:19 of 3rd period - Jean-Sébastien Dea wins face-off versus T.J. Tynan in Griffins zone.
2:51 of 3rd period - Slapshot by Jacob MacDonald.
2:51 of 3rd period - Stopped by Aaron Dell with a rebound.
3:13 of 3rd period - Slapshot by Jeff Kubiak.
3:13 of 3rd period - Stopped by Aaron Dell without a rebound.
3:14 of 3rd period - Jean-Sébastien Dea wins face-off versus Jacob Melanson in IceHogs zone.
3:43 of 3rd period - Slapshot by Chris Wideman.
3:43 of 3rd period - Stopped by Aaron Dell with a rebound.
3:45 of 3rd period - Snap shot by Jacob MacDonald.
3:45 of 3rd period - Stopped by Aaron Dell without a rebound.
3:46 of 3rd period - Ivan Ivan wins face-off versus Cole Schwindt in IceHogs zone.
4:03 of 3rd period - Wrist shot by Jean-Sébastien Dea.
4:03 of 3rd period - Stopped by Mads Sogaard without a rebound.
4:04 of 3rd period - T.J. Tynan wins face-off versus Matthew Stienburg in Griffins zone.
4:36 of 3rd period - Slapshot by Nikolas Brouillard.
4:36 of 3rd period - Stopped by Mads Sogaard with a rebound.
4:38 of 3rd period - Slapshot by Jean-Sébastien Dea.
4:38 of 3rd period - Shot Misses the Net.
4:40 of 3rd period - Snap shot by Nikolas Brouillard.
4:40 of 3rd period - Stopped by Mads Sogaard without a rebound.
4:41 of 3rd period - T.J. Tynan wins face-off versus Bogdan Trineyev in Griffins zone.
4:44 of 3rd period - Logan Stanley beats up Bogdan Trineyev.
4:44 of 3rd period - Penalty to Bogdan Trineyev for Fighting.
4:44 of 3rd period - Penalty to Logan Stanley for Fighting.
4:45 of 3rd period - Jean-Sébastien Dea wins face-off versus Cole Schwindt in neutral zone.
4:48 of 3rd period - Snap shot by Brad Hunt.
4:48 of 3rd period - Shot Blocked by Jiri Kulich.
4:53 of 3rd period - Off-side.
4:54 of 3rd period - Jean-Sébastien Dea wins face-off versus Cole Schwindt in neutral zone.
5:23 of 3rd period - Slapshot by Jiri Kulich.
5:23 of 3rd period - Stopped by Aaron Dell with a rebound.
5:25 of 3rd period - Wrist shot by Chris Wideman.
5:25 of 3rd period - Stopped by Aaron Dell without a rebound.
5:26 of 3rd period - T.J. Tynan wins face-off versus Mavrik Bourque in IceHogs zone.
5:27 of 3rd period - Snap shot by Jakob Pelletier.
5:27 of 3rd period - Stopped by Aaron Dell with a rebound.
5:33 of 3rd period - Slapshot by Ivan Ivan.
5:33 of 3rd period - Stopped by Mads Sogaard with a rebound.
5:35 of 3rd period - Snap shot by Mavrik Bourque.
5:35 of 3rd period - Shot Misses the Net.
5:57 of 3rd period - Wrist shot by Markus Nurmi.
5:57 of 3rd period - Shot Blocked by Brad Hunt.
5:59 of 3rd period - Slapshot by Gavin Hain.
5:59 of 3rd period - Shot Misses the Net.
6:15 of 3rd period - Jiri Kulich is hit by Sam Malinski and loses puck.
6:19 of 3rd period - Nikolas Brouillard beats up Zack Kassian.
6:19 of 3rd period - Penalty to Nikolas Brouillard for Fighting.
6:19 of 3rd period - Penalty to Zack Kassian for Fighting.
6:19 of 3rd period - Penalty to Zack Kassian for instigated a fight.
6:19 of 3rd period - Penalty to Zack Kassian for instigated a fight.
6:20 of 3rd period - Cole Schwindt wins face-off versus John Beecher in Griffins zone.
6:59 of 3rd period - Snap shot by Andrew Agozzino.
6:59 of 3rd period - Goal by Andrew Agozzino - Griffins : 4 - IceHogs : 1.
7:00 of 3rd period - T.J. Tynan wins face-off versus Mavrik Bourque in neutral zone.
7:09 of 3rd period - Slapshot by Samuel Bolduc.
7:09 of 3rd period - Shot Misses the Net.
7:25 of 3rd period - Andrew Agozzino is hit by Jacob Melanson and loses puck.
7:34 of 3rd period - Snap shot by Andrew Agozzino.
7:34 of 3rd period - Deflect By John Beecher.
7:34 of 3rd period - Stopped by Mads Sogaard without a rebound.
7:35 of 3rd period - Mavrik Bourque wins face-off versus Cole Schwindt in Griffins zone.
7:44 of 3rd period - T.J. Tynan is hit by Riley Tufte and loses puck.
8:10 of 3rd period - Minor Penalty to Cameron Gaunce for Interference.
8:11 of 3rd period - John Beecher wins face-off versus Cole Schwindt in IceHogs zone.
8:17 of 3rd period - Brad Hunt is hit by Chris Wideman and loses puck.
8:26 of 3rd period - Slapshot by Egor Zamula.
8:26 of 3rd period - Deflect By Samuel Bolduc.
8:26 of 3rd period - Stopped by Aaron Dell with a rebound.
9:17 of 3rd period - Minor Penalty to T.J. Tynan for Roughing.
9:18 of 3rd period - John Beecher wins face-off versus Cole Schwindt in Griffins zone.
9:44 of 3rd period - Penalty to Bogdan Trineyev is over, Bogdan Trineyev is back on ice.
9:44 of 3rd period - Penalty to Logan Stanley is over, Logan Stanley is back on ice.
9:55 of 3rd period - Snap shot by Logan Stanley.
9:55 of 3rd period - Stopped by Aaron Dell with a rebound.
9:57 of 3rd period - Snap shot by Logan Stanley.
9:57 of 3rd period - Shot Misses the Net.
10:03 of 3rd period - Slapshot by Egor Zamula.
10:03 of 3rd period - Stopped by Aaron Dell without a rebound.
10:04 of 3rd period - Gavin Hain wins face-off versus Mavrik Bourque in IceHogs zone.
10:10 of 3rd period - Penalty to Cameron Gaunce is over, Cameron Gaunce is back on ice.
11:07 of 3rd period - Matthew Kessel is hit by Jean-Sébastien Dea and loses puck.
11:17 of 3rd period - Penalty to T.J. Tynan is over, T.J. Tynan is back on ice.
13:20 of 3rd period - Jean-Sébastien Dea is hit by Simon Edvinsson.
16:16 of 3rd period - Mavrik Bourque is hit by Emil Heineman and loses puck.
17:09 of 3rd period - Bogdan Trineyev is hit by Matthew Kessel and loses puck.
19:04 of 3rd period - Off-side.
19:05 of 3rd period - Jean-Sébastien Dea wins face-off versus Jeff Kubiak in neutral zone.
19:08 of 3rd period - Slapshot by Mason Geertsen.
19:08 of 3rd period - Goal by Mason Geertsen - Griffins : 5 - IceHogs : 1.
19:09 of 3rd period - John Beecher wins face-off versus Jakob Pelletier in neutral zone.
19:14 of 3rd period - Snap shot by John Beecher.
19:14 of 3rd period - Stopped by Mads Sogaard with a rebound.
19:16 of 3rd period - Slapshot by Samuel Bolduc.
19:16 of 3rd period - Shot Blocked by Matthew Kessel.
19:18 of 3rd period - Snap shot by Brad Hunt.
19:18 of 3rd period - Shot Misses the Net.
19:23 of 3rd period - Snap shot by Samuel Bolduc.
19:23 of 3rd period - Deflect By T.J. Tynan.
19:23 of 3rd period - Stopped by Mads Sogaard without a rebound.
19:24 of 3rd period - Cole Schwindt wins face-off versus John Beecher in Griffins zone.
19:31 of 3rd period - Wrist shot by Jiri Kulich.
19:31 of 3rd period - Stopped by Aaron Dell without a rebound.
19:32 of 3rd period - John Beecher wins face-off versus Cole Schwindt in IceHogs zone.
Goals for this period are 1 for Griffins vs 1 for IceHogs.
Shots for this period are 12 for Griffins vs 8 for IceHogs.